 Dungeon Crawl Stone Soup version 0.22.0-27-ga576289 (console) character file.

83 removed the Firebug (level 4, -8/21 HPs)
             Began as a Vine Stalker Fire Elementalist on Aug 22, 2018.
             Killed from afar by Ijyb (17 damage)
             ... with a wand of acid (4)
             ... on level 3 of the Dungeon.
             The game lasted 00:03:42 (2148 turns).

removed the Firebug (VSFE)                          Turns: 2148, Time: 00:03:43

Health: -8/21      AC:  2    Str: 11    XL:     4   Next: 44%
Magic:  0/8        EV: 12    Int: 16    God:
Gold:   103        SH:  0    Dex: 14    Spells: 1/7 levels left

rFire    . . .     SeeInvis .   a - +0 dagger
rCold    . . .     Gourm    .   (no shield)
rNeg     . . .     Faith    .   e - +0 robe
rPois    .         Spirit   +   (no helmet)
rElec    .         Reflect  .   (no cloak)
rCorr    .         Harm     .   (no gloves)
MR       .....                  (no boots)
Stlth    ++........             (no amulet)
HPRegen  0.47/turn              (no ring)
MPRegen  0.11/turn              (no ring)

@: no status effects
A: fangs 2, regeneration 1, magic shield, antimagic bite, no potion heal 3, rot
immunity
a: no special abilities


You were on level 3 of the Dungeon.
You were not hungry.

You visited 1 branch of the dungeon, and saw 3 of its levels.

You collected 103 gold pieces.

Inventory:

Hand Weapons
 a - a +0 dagger (weapon)
 h - a +0 short sword
Armour
 e - a +0 robe (worn)
 o - a +0 buckler
Scrolls
 d - a scroll of remove curse {unknown}
 g - a scroll of blinking {unknown}
 k - 2 scrolls of amnesia {unknown}
 n - 2 scrolls of identify {unknown}
 q - a scroll of fear {unknown}
 r - a scroll of teleportation {unknown}
Potions
 i - 2 potions of cancellation {unknown}
 l - 2 potions of flight {unknown}
 m - 4 potions of curing {unknown}
 t - a potion of heal wounds {unknown}
Comestibles
 c - 7 rations
 s - 3 chunks of flesh


   Skills:
 - Level 1.5 Dodging
 - Level 2.4 Stealth
 - Level 2.1 Spellcasting
 - Level 3.2 Conjurations
 + Level 4.0 Fire Magic


You had one spell level left.
You knew the following spells:

 Your Spells              Type           Power        Failure   Level  Hunger
a - Flame Tongue          Conj/Fire      ##...        4%          1    #......
b - Throw Flame           Conj/Fire      ##....       7%          2    ###....
c - Conjure Flame         Conj/Fire      ##......     14%         3    ###....

Your spell library contained the following spells:

 Spells                   Type           Power        Failure   Level  Hunger
 Inner Flame              Hex/Fire       #.......     26%         3    ###....
 Sticky Flame             Conj/Fire      ##......     43%         4    #####..
 Fireball                 Conj/Fire      ##........   78%         5    ######.


Dungeon Overview and Level Annotations

Branches:
Dungeon (3/15)

Altars:
Ashenzari
Wu Jian

Annotations:
D:3 Ijyb


Innate Abilities, Weirdness & Mutations

You have extremely sharp teeth.
Your natural rate of healing is unusually fast.
When hurt, damage is shared between your health and your magic reserves.
Your bite disrupts and absorbs the magic of your enemies.
Potions cannot restore your health.
You are immune to rotting.


Message History

You aren't carrying any items that you can evoke.
Okay, then.
Ijyb closely misses you.
You closely miss Ijyb. You bite Ijyb, but do no damage.
Ijyb is heavily wounded.
Ijyb closely misses you.
You hit Ijyb but do no damage.
Ijyb is heavily wounded.
Ijyb hits you but does no damage.
You completely miss Ijyb.
Ijyb is heavily wounded.
Ijyb hits you.
You hit Ijyb but do no damage.
Ijyb is heavily wounded.
Ijyb closely misses you.
You hit Ijyb. You bite Ijyb, but do no damage.
Ijyb is heavily wounded.
Ijyb zaps a wand.
The bolt of acid hits you!
Ouch! That really hurt!
You die...

#.............#.###.#
#.########.......>..# #.#
##.....##### #.# ##.####
####.#### #.# #.......# #.#
#.......# #+# #.......#
#......@# #......g# #
#........##..g......####
.......###.............+...
#.#.... #..............####
#.....................# #
#..#..........#.....?#
..##..........##....## ..
..................#


You could see Ijyb.

Vanquished Creatures
  2 adders (D:2)
  3 worms
  2 dart slugs
  2 leopard geckos
  An orc (D:3)
  A ball python (D:3)
  3 giant cockroaches
  6 hobgoblins
  4 bats
  3 frilled lizards
  6 goblins
  9 kobolds
  10 rats
52 creatures vanquished.

Notes
Turn   | Place    | Note
-------+----------+-------------------------------------------
     0 | D:1      | removed the Vine Stalker Fire Elementalist began the quest for the Orb.
     0 | D:1      | Reached XP level 1. HP: 9/9 MP: 4/4
    72 | D:1      | Found a shattered altar of Ashenzari.
   239 | D:1      | Reached XP level 2. HP: 11/13 MP: 0/6
   944 | D:2      | Reached XP level 3. HP: 16/16 MP: 5/7
  1367 | D:2      | Gained mutation: Your natural rate of healing is unusually fast. [Vine Stalker growth]
  1367 | D:2      | Reached XP level 4. HP: 13/21 MP: 1/8
  1449 | D:2      | Learned a level 2 spell: Throw Flame
  1453 | D:2      | Learned a level 3 spell: Conjure Flame
  1657 | D:2      | Found an ornate altar of the Wu Jian Council.
  2037 | D:3      | Noticed Ijyb
  2140 | D:3      | Reached skill level 4 in Fire Magic
  2148 | D:3      | Killed from afar by Ijyb

Skill      XL: |  1  2  3  4 |
---------------+-------------+-----
Conjurations   | 2 3 |  3.2
Fire Magic     | 4 |  4.0
Dodging        | |  1.5
Stealth        | |  2.4
Spellcasting   | |  2.1

Action                   |  1- 3 |  4- 6 || total
-------------------------+-------+-------++-------
Melee: Short sword       |     9 |       ||     9
       Bite              |     4 |     4 ||     8
       Dagger            |     2 |    18 ||    20
 Cast: Flame Tongue      |    62 |    34 ||    96
 Stab: Sleeping          |     1 |       ||     1
  Eat: Chunk             |     2 |     3 ||     5
Armor: Robe              |     5 |     7 ||    12
Dodge: Dodged            |    23 |    16 ||    39
